 Dungeon Crawl Stone Soup version 0.26-a0-651-gb41185065b (webtiles) character file.

Game seed: 10116802076779812974

40297 kae the Grappler (level 13, 0/118 HPs)
             Began as a Red Draconian Transmuter on Oct 1, 2020.
             Was the Champion of Uskayaw.
             Slain by a yak (10 damage)
             ... on level 6 of the Lair of Beasts.
             The game lasted 00:21:41 (22632 turns).

kae the Grappler (Red Draconian Transmuter)        Turns: 22632, Time: 00:21:42

Health: 0/118      AC: 11    Str: 20    XL:     13   Next: 73%
Magic:  0/18       EV: 17    Int: 14    God:    Uskayaw [******]
Gold:   2081       SH:  0    Dex: 13    Spells: 5/16 levels left

rFire    + . .     SeeInvis +     - Unarmed
rCold    . . .     Faith    .   (shield currently unavailable)
rNeg     . . .     Spirit   +   (armour unavailable)
rPois    +         Reflect  .   (helmet restricted)
rElec    .         Harm     .   u - +2 cloak
rCorr    +         Rampage  .   (gloves currently unavailable)
MR       .....                  (no boots)
Stlth    ++........             z - amulet of guardian spirit
HPRegen  0.29/turn              w - ring "Jyschofipt" {rPois Str+4 SInv Stlth+}
MPRegen  0.16/turn              p - ring of resist corrosion

@: blade hands, wereblooded, studying Axes
A: breathe fire, unfitting armour, fire resistance 1, cold-blooded, AC +8
a: Breathe Fire, End Transformation, Stomp, Line Pass, Grand Finale, Renounce
Religion


You were on level 6 of the Lair of Beasts.
You worshipped Uskayaw.
Uskayaw was noncommittal.
You had blades for hands.
You visited 3 branches of the dungeon, and saw 16 of its levels.
You also visited: Volcano.

You collected 2081 gold pieces.

Inventory:

Hand Weapons
 b - a +1 whip of venom
 s - a +0 scimitar of flaming
Armour
 u - a +2 cloak (worn)
Jewellery
 e - an uncursed ring of protection from cold
 m - an uncursed amulet of the acrobat
 p - a ring of resist corrosion (right scythe-like blade)
 v - an uncursed ring of fire
 w - the ring "Jyschofipt" (left scythe-like blade) {rPois Str+4 SInv Stlth+}
   (You found it on level 9 of the Dungeon)

   [ring of see invisible]

   It affects your strength (+4).
   It protects you from poison.
   It lets you see invisible.
   It makes you more stealthy.
 z - an amulet of guardian spirit (around neck)
Wands
 g - a wand of enslavement (6)
 y - a wand of flame (6)
 A - a wand of acid (8)
 F - a wand of digging (3)
Scrolls
 a - 2 scrolls of teleportation
 c - 12 scrolls of remove curse
 h - 3 scrolls of magic mapping
 j - 2 scrolls of fog
 C - a scroll of blinking
Potions
 d - a potion of mutation
 f - 4 potions of brilliance
 i - 4 potions of flight
 k - 2 potions of heal wounds
 l - a potion of might
 n - 3 potions of lignification
 o - 2 potions of haste
 r - 2 potions of curing
 t - a potion of ambrosia {unknown}
 x - a potion of stabbing {unknown}
 B - a potion of invisibility {unknown}
 D - a potion of resistance {unknown}
 E - a potion of magic
Books
 q - a manual of Axes


   Skills:
 - Level 12.0 Fighting
 + Level 9.3 Dodging
 - Level 14.0 Unarmed Combat
 - Level 2.0 Spellcasting
 - Level 10.0 Transmutations
 - Level 7.0 Invocations


You had 5 spell levels left.
You knew the following spells:

 Your Spells              Type           Power        Failure   Level
a - Beastly Appendage     Tmut           ####..       11%         1
b - Wereblood             Tmut           ####....     12%         2
c - Spider Form           Tmut/Pois      ###.......   43%         3
d - Blade Hands           Tmut           ####......   47%         5

Your spell library contained the following spells:

 Spells                   Type           Power        Failure   Level
 Animate Skeleton         Necr           #.....       67%         1
 Apportation              Tloc           #.....       67%         1
 Corona                   Hex            #......      67%         1
 Summon Small Mammal      Summ           #...         67%         1
 Ice Form                 Ice/Tmut       ###.....     73%         4


Dungeon Overview and Level Annotations

Branches:
Dungeon (9/15)             Temple (1/1) D:7            Lair (6/6) D:8
  Swamp (0/4) Lair:3       Spider (0/4) Lair:2        Slime (0/5) Lair:5
Volcano (visited)
    Orc: D:9-12

Altars:
Ashenzari
Cheibriados
Dithmenos
Elyvilon
Fedhas
Gozag
Hepliaklqana
Kikubaaqudgha
Makhleb
Nemelex Xobeh
Okawaru
Qazlal
Ru
Sif Muna
Trog
Uskayaw
Vehumet
Wu Jian
Xom
Yredelemnul
Zin
The Shining One

Shops:
D:6 [

Annotations:
D:9 exclusion: upstairs
Lair:3 exclusion: hydra
Lair:5 2 transporters, Lunath's ghost, journeyman FeBe


Innate Abilities, Weirdness & Mutations

You can breathe blasts of fire.
Your fiery red scales are hard. (AC +8)
You cannot fit into any form of body armour.
Your flesh is heat resistant. (rF+)
You are cold-blooded and may be slowed by cold attacks.


Message History

The yak gores you but does no damage.
The blink frog blinks!
You slice the yak!!
The yak is almost dead.
The death yak gores you!!
* * * LOW HITPOINT WARNING * * *
The yak gores you!
* * * LOW HITPOINT WARNING * * *
You shred the death yak!!! You slash the death yak!
The death yak is severely wounded.
You hear an angry hiss.
The death yak gores you!
* * * LOW HITPOINT WARNING * * *
The yak closely misses you.
You hit the death yak.
You slash the death yak, but do no damage.
The death yak is almost dead.
You shred the death yak!!!
You kill the death yak!
The yak gores you!
You die...

#Y.P#.##........P....
....P...................
.........................
.........................
.........................
.....§...................
.....§.......†...........
.............<†Y.........
.........F...<..@........
...............Y.........
.≈≈≈..≈≈.≈.≈≈≈†≈≈≈≈≈P≈...
#≈P##≈≈##≈P#.≈≈.#≈≈#.....
#≈≈ #≈≈..≈≈.#≈≈.#P≈# ≈...
≈≈≈P≈≈≈P≈≈≈≈≈≈≈≈≈ ...
≈≈≈P≈≈≈≈≈≈≈≈≈≈≈. ..
############≈.... . ≈##..


You could see 2 yaks and a blink frog.

Vanquished Creatures
  A hydra (Lair:3)
  Erica (D:8)
  3 two-headed ogres (D:8)
  4 death yaks
  An orb spider (Lair:2)
  4 elephants
  4 black mambas
  3 komodo dragons
  7 cane toads
  A polar bear (Lair:2)
  3 bog bodies (Lair:3)
  2 hornets
  A wind drake (Lair:6)
  8 blink frogs
  5 hippogriffs
  Sigmund (D:5)
  A wyvern (Lair:3)
  3 basilisks
  18 yaks
  A spriggan (Lair:2)
  3 fire bats (Volcano)
  Menkaure (D:5)
  7 water moccasins
  2 swamp worms (Lair:3)
  Duvessa (D:5)
  14 porcupines
  A sky beast (D:8)
  3 orc warriors
  7 black bears
  An ice beast (D:7)
  4 wolves
  5 ogres
  5 phantoms
  5 centaurs
  8 crocodiles
  A big kobold (D:8)
  17 bullfrogs
  Dowan (D:5)
  2 scorpions
  9 killer bees (D:9)
  7 howler monkeys
  5 wights
  7 electric eels
  A bullfrog zombie (D:5)
  2 centaur zombies
  3 hounds
  8 jellies
  6 orc priests
  A centaur skeleton (D:4)
  2 bullfrog skeletons
  3 orc wizards
  Jessica (D:2)
  5 iguanas
  6 worker ants
  2 hound zombies
  A hound skeleton (D:6)
  2 howler monkey zombies
  4 gnolls (D:7)
  11 adders
  3 shadow imps
  6 white imps
  2 ufetubi
  3 oozes
  An adder zombie (D:8)
  An adder skeleton (D:4)
  4 dart slugs
  3 leopard geckos
  43 orcs
  5 giant cockroaches
  9 hobgoblins
  14 jackals
  8 kobolds
  3 quokkas
  2 ball pythons
  7 bats
  7 frilled lizards
  8 goblins
  A leopard gecko skeleton (D:8)
  A quokka zombie (D:9)
  6 rats
383 creatures vanquished.

Vanquished Creatures (others)
  6 fungi
  26 plants
32 creatures vanquished.

Grand Total: 415 creatures vanquished

Notes
Turn   | Place    | Note
-------+----------+-------------------------------------------
     0 | D:1      | kae the Draconian Transmuter began the quest for the Orb.
     0 | D:1      | Reached XP level 1. HP: 16/16 MP: 3/3
   265 | D:1      | Reached XP level 2. HP: 23/23 MP: 3/5
   467 | D:1      | Learned a level 2 spell: Wereblood
   827 | D:1      | Reached XP level 3. HP: 29/29 MP: 4/6
  1197 | D:2      | Reached skill level 4 in Unarmed Combat
  1313 | D:2      | Noticed Jessica
  1317 | D:2      | Killed Jessica
  1317 | D:2      | Reached XP level 4. HP: 37/37 MP: 7/7
  1322 | D:2      | Learned a level 3 spell: Spider Form
  2047 | D:3      | Reached XP level 5. HP: 42/44 MP: 8/8
  2668 | D:4      | Found a radiant altar of Vehumet.
  2679 | D:4      | Noticed an ogre
  3052 | D:4      | Noticed an ogre
  3079 | D:3      | Reached skill level 5 in Unarmed Combat
  3084 | D:3      | Killed an ogre
  3084 | D:3      | Reached XP level 6. HP: 51/51 MP: 9/9
  3960 | D:3      | Reached skill level 6 in Unarmed Combat
  3960 | D:3      | Your scales start taking on a fiery red colour.
  3960 | D:3      | Reached XP level 7. HP: 24/59 MP: 10/10
  3960 | D:3      | Gained mutation: Your flesh is heat resistant. (rF+) [Red
                  | Draconian growth]
  4986 | D:5      | Entered Level 5 of the Dungeon
  5097 | D:5      | Reached skill level 7 in Unarmed Combat
  5108 | D:5      | Noticed Menkaure
  5256 | D:5      | Reached skill level 5 in Fighting
  5341 | D:5      | Reached XP level 8. HP: 64/68 MP: 9/11
  5364 | D:5      | Noticed Duvessa
  5364 | D:5      | Noticed Dowan
  5374 | D:5      | Killed Duvessa
  5374 | D:5      | Reached skill level 5 in Transmutations
  5387 | D:5      | Killed Dowan
  5544 | D:5      | Noticed Sigmund
  5571 | D:5      | Killed Sigmund
  5798 | D:5      | Reached skill level 8 in Unarmed Combat
  5905 | D:5      | Killed Menkaure
  5944 | D:5      | Found a burning altar of Makhleb.
  6199 | D:6      | Found Bameh's Armour Shop.
  6689 | D:6      | Reached XP level 9. HP: 55/78 MP: 12/12
  6790 | D:6      | Reached skill level 9 in Unarmed Combat
  7725 | D:6      | Found a blossoming altar of Fedhas.
  8533 | D:7      | Reached skill level 10 in Unarmed Combat
  9228 | D:7      | Found a staircase to the Ecumenical Temple.
  9345 | Temple   | Entered the Ecumenical Temple
  9496 | Temple   | Became a worshipper of Uskayaw the Reveler
  9563 | D:7      | Reached * piety under Uskayaw
  9781 | D:7      | Reached ** piety under Uskayaw
  9890 | D:7      | Reached skill level 1 in Invocations
 10046 | D:7      | Reached XP level 10. HP: 88/88 MP: 11/13
 10373 | D:7      | Learned a level 5 spell: Blade Hands
 10404 | D:8      | Noticed Erica
 10413 | D:8      | Killed Erica
 11057 | D:8      | Reached skill level 11 in Unarmed Combat
 11108 | D:8      | Reached *** piety under Uskayaw
 11314 | D:8      | Noticed a two-headed ogre
 11332 | D:8      | Killed a two-headed ogre
 11381 | D:8      | Found a white marble altar of Elyvilon.
 11394 | D:8      | Noticed a two-headed ogre
 11398 | D:8      | Reached **** piety under Uskayaw
 11402 | D:8      | Reached ***** piety under Uskayaw
 11403 | D:8      | Killed a two-headed ogre
 11660 | D:8      | Found a staircase to the Lair.
 12022 | D:8      | Reached XP level 11. HP: 48/97 MP: 14/14
 12646 | D:8      | Found a shimmering altar of Xom.
 12660 | D:8      | Noticed a two-headed ogre
 12675 | D:8      | Killed a two-headed ogre
 12675 | D:8      | Reached skill level 12 in Unarmed Combat
 12868 | D:8      | Found a sparkling altar of Nemelex Xobeh.
 13139 | D:9      | Paralysed by a hornet for 2 turns
 13141 | D:9      | Reached skill level 5 in Invocations
 13495 | D:9      | Found a glowing golden altar of the Shining One.
 13934 | D:9      | Got a transparent ivory ring
 14628 | D:9      | Identified the ring "Jyschofipt" {rPois Str+4 SInv Stlth+}
                  | (You found it on level 9 of the Dungeon)
 14843 | Lair:1   | Entered Level 1 of the Lair of Beasts
 16503 | Lair:2   | Found a hole to the Spider Nest.
 16503 | Lair:2   | Noticed an orb spider
 16647 | Lair:2   | Killed an orb spider
 16806 | Lair:2   | Reached skill level 10 in Fighting
 16806 | Lair:2   | Reached ****** piety under Uskayaw
 17220 | Lair:2   | Reached skill level 13 in Unarmed Combat
 17907 | Lair:3   | Found a dark tunnel.
 17917 | Volcano  | Entered a volcano
 18019 | Volcano  | Reached XP level 12. HP: 101/106 MP: 14/17
 18272 | Volcano  | Reached XP level 13. HP: 113/113 MP: 18/18
 19522 | Lair:3   | Reached skill level 10 in Transmutations
 19994 | Lair:3   | Found a staircase to the Swamp.
 20383 | Lair:3   | Identified a scroll of acquirement
 20383 | Lair:3   | Acquired 1025 gold pieces
 20577 | Lair:4   | Reached skill level 14 in Unarmed Combat
 21512 | Lair:5   | Found a staircase to the Slime Pits.
 21895 | Lair:5   | Found a transporter.
 21897 | Lair:5   | Found a transporter.
 21898 | Lair:5   | Noticed Lunath's ghost (journeyman FeBe)
 22199 | Lair:6   | Entered Level 6 of the Lair of Beasts
 22632 | Lair:6   | Slain by a yak

Illustrated notes

Levels and vault maps discovered:
D:1:      lightli_arrival_windingriver, layout_loops_ring, st_stairs_6,
          minmay_pentomino_t4
D:2:      layout_loops_ring, uniq_jessica
D:3:      layout_basic
D:4:      layout_basic, kennysheep_little_box, minmay_splitting_lines,
          chequers_serial_rivers_small_3
D:5:      layout_rooms, bloody_makhleb, uniq_duvessa, uniq_menkaure,
          uniq_sigmund
D:6:      layout_gridville, overflow_temple_1_default, serial_shops,
          nicolae_shop_waterfront, minmay_manual_mail
D:7:      layout_basic, minmay_temple_entry_waves, kennysheep_minor_cross,
          chequers_big_river
D:8:      layout_gridville, old_standard_altar, nicolae_overflow_hidden_temple,
          elyvilon_altar_5, minmay_lair_entry_grove, uniq_erica
D:9:      layout_cave_pools, tso_metal_star
Temple:   nicolae_temple_elliptical
Lair:1:   layout_gridlike
Lair:2:   layout_loops_ring, nicolae_spider_entry_orb_guardian,
          grunt_forest_stairs_clearing, serial_bayou_shore_b
Lair:3:   layout_hall_layers, nicolae_swamp_entry_splash_gauntlet,
          nicolae_volcano_entry_hallway, beast_lair_carwin_11,
          grunt_megastairs_4
Lair:4:   layout_regular_city
Lair:5:   layout_misc_corridors, nicolae_slime_entry_slimehenge,
          gammafunk_ghost_hive
Lair:6:   gammafunk_lair_ancient_temple, layout_regular_city,
          ebering_ghost_reflecting_pool

Skill      XL: |  1  2  3  4  5  6  7  8  9 10 11 12 13 |
---------------+----------------------------------------+-----
Fighting       | 2 3 4 5 6 7 9 10 12 | 12.0
Unarmed Combat | 4 5 6 7 8 10 11 13 14 | 14.0
Transmutations | 3 4 6 7 8 9 10 | 10.0
Invocations    | 1 4 6 7 |  7.0
Dodging        | 7 9 |  9.3
Spellcasting   | |  2.0

Action                   |  1- 3 |  4- 6 |  7- 9 | 10-12 | 13-15 || total
-------------------------+-------+-------+-------+-------+-------++-------
Melee: Unarmed           |    14 |    13 |    40 |   337 |   200 ||   604
       Whip              |    77 |   167 |   282 |     6 |       ||   532
       Kick              |     7 |    19 |    53 |    48 |     5 ||   132
       Tailslap          |     5 |    11 |    31 |    39 |    32 ||   118
       Punch             |     2 |     1 |     5 |    16 |    17 ||    41
       Headbutt          |     4 |    11 |    32 |    34 |     3 ||    84
 Cast: Beastly Appendage |    15 |    24 |    34 |    44 |     5 ||   122
       Spider Form       |       |     2 |     7 |     1 |     1 ||    11
       Wereblood         |       |     2 |     3 |     2 |     1 ||     8
       Blade Hands       |       |       |       |     8 |    17 ||    25
 Abil: Breathe Fire      |       |       |    22 |    11 |     2 ||    35
Evoke: Wand              |       |       |       |     1 |       ||     1
  Use: Scroll            |     3 |     7 |     7 |     9 |     5 ||    31
       Potion            |       |     6 |       |     2 |       ||     8
 Stab: Sleeping          |       |     1 |       |     1 |     2 ||     4
       Paralysed         |       |       |       |    10 |    22 ||    32
Armor: Skin              |    19 |    72 |   105 |   111 |    37 ||   344
Dodge: Dodged            |    69 |   136 |   249 |   223 |   134 ||   811

Table legend: (Time is in decaauts)
 A = Elapsed time spent in this place.
 B = Non-inter-level travel time spent in this place.
 C = Inter-level travel time spent in this place.
 D = Time resting spent in this place.
 E = Time spent auto-exploring this place.
 F = Levels seen in this place.
 G = Mean time per level.
                   A        B        C        D        E       F      G
               +--------+--------+--------+--------+--------+-----+--------+
         Total |  22588 |  21983 |    605 |   8185 |  10747 |  17 | 1328.7 |
       Dungeon |  14872 |  14447 |    425 |   5187 |   6973 |   9 | 1652.4 |
        Temple |    167 |    135 |     32 |      0 |    134 |   1 |  167.0 |
          Lair |   7178 |   7031 |    147 |   2700 |   3607 |   6 | 1196.3 |
       Volcano |    369 |    369 |      0 |    298 |     33 |   1 |  369.0 |
               +--------+--------+--------+--------+--------+-----+--------+

Top non-repeatable levels by time:
     D:8: 2824 daAuts
     D:7: 2524 daAuts
  Lair:3: 2375 daAuts
     D:6: 1996 daAuts
     D:4: 1599 daAuts
     D:3: 1554 daAuts
  Lair:1: 1475 daAuts
  Lair:5: 1352 daAuts
     D:9: 1289 daAuts
  Lair:2: 1127 daAuts
     D:5: 1090 daAuts
     D:2: 1008 daAuts
     D:1: 984 daAuts
  Lair:4: 741 daAuts
 Volcano: 369 daAuts
